Map: Dusk Towers

Players

LilDicky - Winner!

  • Race: Terran Terran
  • League: Diamond

Drumstick

  • Race: Protoss Protoss
  • League: Diamond

VOD

http://www.twitch.tv/tumescentpie

Description

Time

  • Played on: Dec. 20, 2015, 1:43 p.m.
  • Length: 6:05
Show
View Real Time Build Order
Export as new Build Order

LilDicky Terran - Winner!

Build Orders: MMM Bio 

Get SALT Encoding   

  12  0:01  SCV  
  13  0:13  SCV  
  14  0:18  Supply Depot  
  14  0:25  SCV  
  15  0:32  Refinery  
  15  0:39  SCV  
  16  0:52  SCV  
  16  0:54  Barracks  
  17  1:04  SCV  
  18  1:21  SCV  
  19  1:41  Orbital Command  
  19  1:42  Supply Depot  
  19  1:43  Factory, Marine  
  20  2:01  Marine  
  21  2:08  Barracks  
  21  2:10  SCV  
  21  2:13  Barracks  
  23  2:24  SCV  
  23  2:34  Barracks Reactor  
  23  2:36  SCV  
  24  2:47  Refinery  
  24  2:48  SCV  
  24  2:50  Widow Mine  
  26  2:59  Barracks Tech Lab x2  
  26  3:07  Supply Depot  
  26  3:08  SCV  
  26  3:10  Marine x2  
  29  3:20  SCV  
  29  3:21  Stimpack  
  29  3:22  Combat Shields  
  29  3:25  Marine  
  31  3:28  Marine x2  
  31  3:30  Supply Depot  
  31  3:32  Widow Mine  
  35  3:46  Marauder, Marine x2  
  39  3:51  Marauder  
  41  3:58  Supply Depot, Starport  
  41  4:00  SCV  
  42  4:17  Marauder x2, Marine  
  42  4:19  Widow Mine, Marine  
  48  4:35  Marine  
  48  4:37  Medivac, Marine  
  52  4:38  Marauder  
  52  4:44  Marauder  
  56  4:46  Supply Depot  
  52  5:15  Marine  
  52  5:16  Marine x3  
  56  5:29  Medivac  
  56  5:32  Supply Depot  
  56  5:33  Marine  
  56  5:34  Marine x3  
Show
View Real Time Build Order
Export as new Build Order

Drumstick Protoss 

Build Orders: 1 Gate Expand 

Get SALT Encoding   

  12  0:01  Probe (Chrono Boost)  
  13  0:12  Probe (Chrono Boost)  
  14  0:18  Pylon  
  14  0:23  Probe (Chrono Boost)  
  15  0:37  Probe (Chrono Boost)  
  15  0:40  Gateway  
  16  0:47  Probe (Chrono Boost)  
  17  0:57  Assimilator  
  17  0:58  Probe (Chrono Boost)  
  18  1:19  Nexus  
  18  1:35  Cybernetics Core  
  18  1:39  Assimilator  
  19  1:40  Probe (Chrono Boost)  
  19  1:55  Probe (Chrono Boost), Pylon  
  20  2:05  Probe (Chrono Boost)  
  21  2:13  Warp Gate  
  21  2:16  Stalker (Chrono Boost)  
  21  2:21  Probe  
  24  2:30  Probe  
  25  2:41  Probe  
  25  2:42  Probe  
  27  2:50  Mothership Core  
  27  2:56  Gateway  
  27  2:57  Gateway  
  29  2:59  Pylon  
  29  3:01  Probe  
  30  3:15  Probe (Chrono Boost)  
  30  3:16  Probe (Chrono Boost)  
  32  3:21  Pylon  
  32  3:26  Probe x2 (Chrono Boost)  
  33  3:38  Robotics Facility  
  33  3:48  Probe x2 (Chrono Boost)  
  35  3:52  Stalker  
  35  3:54  Sentry  
  35  3:55  Sentry  
  41  4:03  Assimilator  
  37  4:26  Observer (Chrono Boost)  
  36  4:45  Probe  
  36  4:47  Probe  
  38  4:53  Immortal (Chrono Boost)  
  38  4:59  Probe  
  43  5:00  Probe  
  43  5:11  Probe x2  
  45  5:21  Probe  
  45  5:23  Probe  
  47  5:30  Observer (Chrono Boost)  
  47  5:32  Probe  
  47  5:35  Probe (Chrono Boost), Assimilator  
  50  5:44  Probe (Chrono Boost)  
  50  5:47  Probe (Chrono Boost)  
  52  5:52  Robotics Bay  
  52  5:55  Probe (Chrono Boost)  
  49  5:57  Stalker, Zealot  
Tags
 
Add a new tag
Caveats
  • Supply blocks, unpowered buildings, or Contaminate may cause inaccurate times.
  • Supply counts are checked every 10 seconds.